Map: Disco Bloodbath LE

Players

pHARM

  • Race: Zerg Zerg
  • League: Platinum
  • Spawn Location: 3:00

Pakelus - Winner!

  • Race: Terran Terran
  • League: Platinum
  • Spawn Location: 9:00

VOD

Have the link to the VOD?

Description

Time

  • Played on: Sept. 14, 2019, 9 p.m.
  • Length: 14:54
Show
View Real Time Build Order
Export as new Build Order

pHARM Zerg 

Build Orders: Hatch First, Swarm Host 

Get SALT Encoding   

  12  0:01  Drone  
  13  0:13  Overlord  
  13  0:19  Drone  
  14  0:31  Drone x2  
  16  0:51  Hatchery  
  16  0:53  Drone  
  16  1:01  Drone x2  
  18  1:15  Drone  
  18  1:18  Spawning Pool  
  18  1:21  Drone  
  19  1:33  Drone  
  19  1:38  Extractor  
  19  1:48  Drone  
  19  1:52  Overlord  
  20  2:05  Queen x2  
  20  2:06  Drone x2  
  26  2:16  Zergling x4  
  28  2:23  Drone  
  28  2:25  Drone  
  30  2:40  Drone x2  
  32  2:50  Drone  
  32  2:51  Drone  
  34  2:52  Pneumatized Carapace  
  34  2:55  Drone  
  35  3:03  Drone  
  36  3:07  Overlord x2  
  36  3:25  Queen  
  38  3:31  Drone x6  
  44  3:43  Drone x2  
  46  3:58  Hatchery  
  46  3:59  Extractor  
  46  4:00  Extractor  
  43  4:04  Baneling Nest  
  43  4:05  Drone x6  
  43  4:06  Evolution Chamber  
  43  4:08  Evolution Chamber  
  46  4:21  Spore Crawler x2  
  44  4:34  Drone x4  
  44  4:35  Drone x2  
  44  4:37  Spore Crawler  
  44  4:38  Spore Crawler  
  48  4:39  Spore Crawler, Queen x2  
  51  4:49  Zerg Melee Weapons Level 1  
  51  4:50  Zerg Ground Armor Level 1  
  51  4:57  Overlord x2  
  51  5:16  Drone x9  
  60  5:23  Hatchery  
  56  5:40  Zergling x4  
  56  5:41  Zergling x18  
  67  5:43  Lair  
  67  6:00  Baneling x3  
  67  6:01  Baneling x10  
  67  6:03  Metabolic Boost  
  65  6:09  Drone  
  65  6:10  Drone  
  67  6:31  Hatchery  
  66  6:50  Drone x8  
  66  6:52  Overlord x2  
  74  7:10  Centrifical Hooks  
  71  7:22  Extractor x2  
  63  7:38  Drone  
  63  7:39  Drone x2  
  63  7:40  Drone  
  63  7:41  Drone x2  
  69  7:51  Hydralisk Den  
  69  7:58  Zerg Melee Weapons Level 2, Zerg Ground Armor Level 2  
  68  8:04  Drone  
  69  8:05  Infestation Pit  
  69  8:07  Extractor  
  67  8:14  Drone x5  
  67  8:15  Drone x6  
  78  8:24  Muscular Augments  
  78  8:35  Drone  
  78  8:36  Drone x3  
  82  8:47  Overlord  
  82  8:48  Overlord x10  
  82  8:50  Drone x4  
  82  8:51  Drone  
  82  8:53  Extractor  
  82  8:55  Extractor  
  85  8:59  Zergling x8  
  86  9:09  Zergling x12  
  83  9:20  Zergling x6  
  83  9:21  Zergling x8  
  85  9:27  Drone x5  
  85  9:30  Zergling x6  
  85  9:31  Zergling x2  
  89  9:34  Baneling x10  
  85  9:45  Zergling x12  
  78  10:21  Hydralisk  
  78  10:22  Hydralisk x11  
  100  10:29  Queen  
  100  10:30  Queen x2  
  100  10:33  Hydralisk  
  100  10:34  Hydralisk  
  103  10:56  Swarm Host  
  103  10:57  Swarm Host x5  
  101  11:04  Baneling x3  
  101  11:05  Baneling x12  
  101  11:10  Overlord x4  
  100  11:24  Roach Warren  
  99  11:28  Queen  
  99  11:32  Hydralisk Den  
  83  12:14  Roach x12  
  107  12:16  Zerg Missile Weapons Level 1  
  107  12:19  Hive  
  107  12:25  Neural Parasite  
  107  12:39  Overlord x3  
  107  12:40  Overlord  
  107  12:47  Hatchery  
  106  12:57  Queen x2  
  110  13:06  Hydralisk x3  
  110  13:07  Hydralisk x6  
  128  13:25  Grooved Spines  
  128  13:26  Hydralisk  
  129  13:41  Overlord x4  
  127  13:44  Pathogen Glands  
  115  13:50  Hydralisk x6  
  113  14:00  Hydralisk x2  
  100  14:08  Hydralisk  
  100  14:09  Hydralisk  
  99  14:17  Hydralisk  
  103  14:29  Hydralisk x2  
Show
View Real Time Build Order
Export as new Build Order

Pakelus Terran - Winner!

Build Orders: Gas First Reaper Expand 

Get SALT Encoding   

  12  0:01  SCV  
  13  0:13  SCV  
  14  0:17  Supply Depot  
  14  0:25  SCV  
  15  0:30  Refinery  
  15  0:38  SCV  
  16  0:46  Barracks  
  16  0:50  SCV  
  17  1:02  SCV  
  18  1:15  SCV  
  19  1:33  Reaper  
  19  1:34  Orbital Command  
  20  1:49  Command Center  
  20  1:59  SCV, Supply Depot  
  21  2:11  Barracks Reactor  
  21  2:17  SCV, Factory  
  21  2:20  Refinery  
  22  2:33  SCV  
  23  2:45  SCV  
  23  2:48  Marine x2  
  26  3:00  SCV  
  26  3:03  Starport  
  27  3:08  Armory  
  27  3:10  Orbital Command  
  27  3:20  SCV  
  28  3:32  SCV  
  29  3:36  SCV  
  29  3:44  Supply Depot, Hellion x2  
  29  3:45  SCV  
  29  3:46  Barracks Tech Lab  
  29  3:47  Starport Tech Lab  
  34  3:55  Fusion Core  
  34  3:56  SCV  
  35  4:05  Hellion x2  
  35  4:06  Terran Vehicle And Ship Armor Level 1  
  39  4:13  SCV x2  
  41  4:20  Supply Depot  
  41  4:24  Factory  
  41  4:25  SCV  
  41  4:27  Hellion  
  41  4:29  Hellion  
  46  4:32  SCV  
  47  4:43  SCV  
  48  4:47  Supply Depot  
  48  4:49  Hellion  
  50  4:55  SCV  
  51  5:04  SCV  
  54  5:07  SCV, Hellion  
  54  5:12  Refinery  
  55  5:16  Refinery  
  55  5:21  Infernal Pre-Igniter  
  55  5:24  SCV x2  
  57  5:36  SCV x2  
  57  5:39  Supply Depot  
  57  5:40  Hellion x6  
  59  5:45  Cyclone, Hellbat x2  
  66  5:52  SCV x2  
  68  6:07  Command Center  
  68  6:09  Terran Vehicle Weapons Level 1  
  68  6:12  Supply Depot  
  68  6:17  Cyclone  
  68  6:18  SCV x2  
  73  6:20  Supply Depot  
  73  6:23  Hellion x2  
  73  6:30  SCV  
  74  6:34  Armory  
  74  6:36  Hellbat x2  
  78  6:40  Mag-Field Accelerator  
  78  6:45  SCV x2  
  80  6:49  Engineering Bay  
  80  6:52  Cyclone  
  83  6:57  SCV x2  
  85  7:01  Supply Depot  
  85  7:06  Hellbat x2  
  89  7:17  Battlecruiser  
  75  7:24  SCV x2  
  75  7:25  Planetary Fortress  
  79  7:30  Cyclone, Hellbat x2  
  79  7:36  SCV  
  85  7:40  Terran Vehicle And Ship Armor Level 2  
  85  7:46  Starport  
  85  7:47  SCV  
  88  7:51  Hellbat x2  
  90  8:02  Cyclone, SCV x3  
  96  8:07  Refinery  
  98  8:13  Hellbat x2, Refinery  
  98  8:15  SCV x3  
  103  8:27  SCV x2  
  103  8:28  SCV  
  103  8:30  Starport Tech Lab  
  103  8:31  Battlecruiser  
  112  8:37  Cyclone  
  112  8:38  Hellbat  
  117  8:47  Supply Depot x2  
  117  8:51  Supply Depot  
  117  9:09  SCV x3, Hellbat x2  
  126  9:10  Hellbat  
  124  9:21  SCV x2  
  126  9:25  Battlecruiser  
  126  9:26  SCV  
  126  9:30  Hellbat x2  
  126  9:31  Cyclone  
  140  9:33  SCV  
  141  9:48  Supply Depot x2  
  141  9:49  Supply Depot  
  141  9:52  SCV x3, Hellbat  
  125  10:03  Cyclone  
  125  10:04  SCV x3  
  125  10:05  Battlecruiser  
  135  10:18  Hellbat x2  
  139  10:29  SCV  
  139  10:30  SCV x2  
  139  10:34  Supply Depot  
  144  10:35  Hellbat  
  144  10:39  Hellbat  
  143  10:47  Hellbat  
  147  10:57  Hellbat  
  141  11:08  SCV x3  
  141  11:10  Hellbat x2  
  148  11:13  Battlecruiser  
  148  11:14  Battlecruiser  
  160  11:26  Factory x2  
  160  11:27  Cyclone  
  160  11:29  Terran Vehicle And Ship Armor Level 3  
  160  11:31  Terran Ship Weapons Level 1  
  163  11:33  Command Center  
  163  11:36  Supply Depot  
  144  11:51  Hellbat x2  
  144  11:54  SCV x3  
  144  12:02  Cyclone  
  147  12:15  Factory Tech Lab x2  
  147  12:18  Battlecruiser x2  
  161  12:30  Hellbat x2  
  163  12:40  Cyclone x3, Refinery  
  163  12:41  Refinery  
  172  13:04  Hellbat  
  172  13:05  Hellbat  
  176  13:08  Planetary Fortress  
  176  13:12  Cyclone x2  
  182  13:22  Battlecruiser  
  182  13:25  Battlecruiser  
  194  13:43  Hellbat x2  
  187  14:00  Cyclone x3  
  181  14:12  Hellbat x2  
Tags
 
Add a new tag
Caveats
  • Supply blocks, unpowered buildings, or Contaminate may cause inaccurate times.
  • Supply counts are checked every 10 seconds.